 Seeded DCSS version 0.30.1-11-g7821555f0a (webtiles) character file.

Game seed: 5 (custom seed)

1386 Kazon the Sneak (level 8, -4/46 HPs)
             Began as a Vampire Gladiator on Oct 27, 2023.
             Was a Follower of Makhleb.
             Killed by divine providence
             ... invoked by an orc priest
              (15 damage)
             ... on level 6 of the Dungeon.
             The game lasted 00:17:12 (3872 turns).

Kazon the Sneak (Vampire Gladiator)                 Turns: 3872, Time: 00:17:12

Health: -4/46      AC:  5    Str: 20    XL:     8   Next: 40%
Magic:  0/19       EV: 12    Int: 13    God:    Makhleb [*.....]
Gold:   233        SH: 15    Dex: 22    Spells: 7/7 levels left

rFire   . . .        e - +2 dagger (vamp)
rCold   + + .        c - +0 tower shield
rNeg    + + +        b - +0 leather armour
rPois   ∞            j - +0 helmet
rElec   +            (no cloak)
rCorr   .            (no gloves)
SInv    +            A - +0 pair of boots "Oxuyvyg" {Harm rElec Str+5 Int+3}
Will    .....        E - amulet of guardian spirit
Stlth   +++++        s - ring of magical power
HPRegen 0.00/turn    y - +6 ring of dexterity
MPRegen 0.16/turn

%: harm (+30% outgoing, +20% incoming), guardian spirit
@: bloodless, inhibited regen
A: bloodless, fangs 3, see invisible, vampiric 2
a: Bat Form, Revivify, Renounce Religion


You were on level 6 of the Dungeon.
You worshipped Makhleb.
Makhleb was aware of your devotion.
You visited 2 branches of the dungeon, and saw 7 of its levels.

You collected 233 gold pieces.

Inventory:

Hand Weapons
 a - a +0 long sword
 e - a +2 vampiric dagger (weapon)
 f - a +0 hand axe of flaming
Missiles
 d - 3 throwing nets
 g - 8 stones
 l - 3 boomerangs
 r - a javelin
 t - 5 poisoned darts (quivered)
Armour
 b - a +0 leather armour (worn)
 c - a +0 tower shield (worn)
 j - a +0 helmet (worn)
 A - the +0 pair of boots "Oxuyvyg" (worn) {Harm rElec Str+5 Int+3}
   (You acquired it on level 1 of the Dungeon)

   Str:       It affects your strength (+5).
   Int:       It affects your intelligence (+3).
   rElec:     It insulates you from electricity.
   Harm:      It increases damage dealt and taken.
Jewellery
 s - a ring of magical power (left hand)
 y - a +6 ring of dexterity (right hand)
 E - an amulet of guardian spirit (around neck)
Wands
 B - a wand of paralysis (8)
Scrolls
 h - a scroll of fog {unknown}
 m - a scroll of blinking {unknown}
 n - a scroll of teleportation
 o - 2 scrolls of identify {unknown}
 p - a scroll of summoning {unknown}
 q - 2 scrolls of magic mapping {unknown}
 v - a scroll of poison {unknown}
 z - a scroll of torment {unknown}
 C - a scroll of amnesia {unknown}
Potions
 i - a potion of resistance {unknown}
 k - 3 potions of curing {unknown}
 u - 4 potions of flight {unknown}
 w - a potion of invisibility
 x - 2 potions of heal wounds {unknown}
 D - a potion of lignification {unknown}
 F - a potion of attraction {unknown}


   Skills:
 + Level 3.0 Fighting
 + Level 3.5(4.7) Short Blades
 + Level 4.3(4.8) Long Blades
 + Level 2.2 Throwing
 + Level 2.4 Armour
 + Level 5.0 Dodging
 + Level 6.0 Stealth
 + Level 3.2 Shields
 * Level 3.7 Invocations


You had 7 spell levels left.
You didn't know any spells.
Your spell library contained the following spells:

 Spells                   Type           Power      Damage    Failure   Level
 Frozen Ramparts          Ice            0%         1d1       100%        3
 Ignite Poison            Fire/Tmut/Pois 0%         N/A       100%        3
 Ice Form                 Ice/Tmut       0%         N/A       100%        4
 Sticky Flame             Conj/Fire      0%         2d3       100%        4
 Summon Ice Beast         Ice/Summ       0%         N/A       100%        4
 Summon Forest            Summ/Tloc      0%         N/A       100%        5
 Eringya's Noxious Bog    Tmut/Pois      0%         N/A       100%        6
 Summon Hydra             Summ           0%         N/A       100%        7
 Ignition                 Fire           0%         3d3       100%        8


Dungeon Overview and Level Annotations

Branches:
Dungeon (6/15)             Temple (1/1) D:4

Altars:
Dithmenos
Fedhas
Gozag
Hepliaklqana
Makhleb
Okawaru
Qazlal
Wu Jian
Xom


Innate Abilities, Weirdness & Mutations

You do not regenerate when monsters are visible.
You are frail without blood (-20% HP).
You can heal yourself when you bite living creatures.
You are immune to poison.
You have razor-sharp teeth.
You have supernaturally acute eyesight. (SInv)
You are afflicted with vampirism and can become a bat while bloodless.


Message History

An orc comes into view. It is wielding a +0 flail.
An orc priest comes into view. It is wielding a +0 club.
The orc shouts! x3; The orc priest shouts!
You hear a shout! x3
The orc hits you but does no damage.
You see here 17 gold pieces.
You hit the orc.
You feel better.
You kill the orc!
Makhleb accepts your kill.
An orc comes into view. It is wielding a +0 whip. x2
The orc shouts!
You hit the orc but do no damage.
An orc priest comes into view. It is wielding a +0 whip.
You hit the orc but do no damage. You hit the orc but do no damage.
You block the orc's attack.
An orc priest comes into view. It is wielding a +0 short sword.
The orc attacks as you move away! You block the orc's attack.
The orc attacks as you move away! You block the orc's attack.
You hit the orc but do no damage. You block the orc's attack.
You hit the orc but do no damage. You block the orc's attack.
The orc barely misses you.
You hit the orc.
The orc is lightly wounded.
You block the orc's attack.
You hit the orc but do no damage. You bite the orc, but do no damage.
You block the orc's attack.
You hit the orc but do no damage. You block the orc's attack.
The orc priest looks braver for a moment.
You hit the orc.
The orc is lightly wounded.
The orc priest calls down the wrath of Beogh upon you.
Beogh smites you! You block the orc's attack.
You hit the orc but do no damage.
The orc is lightly wounded.
The orc priest mumbles some strange prayers to Beogh against you.
Beogh smites you!
* * * LOW HITPOINT WARNING * * *
You block the orc's attack.
The orc priest calls down the wrath of Beogh upon you.
Beogh smites you!
You die...

.. ########oo
#......#o #.......
#.....o# #####
#....oo# #....
#....oo#### #.#..
######o#>. #.#.^
#@#.## #####.#.^
#.#..#####....†..^
#.....)..'........
###..#####........
#..# #........
#.<# #........
#.## #........ #.#
#........ #.#
#########


You could see 3 orc priests and 3 orcs.

Vanquished Creatures
  Sigmund (D:4)
  Duvessa (D:6)
  A water moccasin (D:6)
  2 black bears (D:4)
  An ogre (D:5)
  2 scorpions
  Dowan (D:6)
  A howler monkey (D:6)
  4 hounds
  A jelly (D:5)
  6 iguanas
  An orc wizard (D:6)
  4 gnolls (D:5)
  9 adders
  2 ufetubi
  3 worms
  8 orcs
  4 bats
  9 endoplasms
  A giant cockroach (D:1)
  12 goblins
  7 hobgoblins
  11 jackals
  3 kobolds
  3 quokkas (D:4)
  6 ball pythons
  3 frilled lizards
  4 rats
111 creatures vanquished.

Notes
Turn   | Place    | Note
-------+----------+-------------------------------------------
     0 | D:1      | Kazon the Vampire Gladiator began the quest for the Orb.
     0 | D:1      | Reached XP level 1. HP: 16/16 MP: 1/1
    36 | D:1      | Identified a scroll of acquirement
    36 | D:1      | Acquired the +0 pair of boots "Oxuyvyg" {Harm rElec Str+5
                  | Int+3}
    80 | D:1      | Reached XP level 2. HP: 22/22 MP: 2/2
   390 | D:1      | Gained mutation: You are afflicted with vampirism and can
                  | become a bat while bloodless. [Vampire growth]
   390 | D:1      | Reached XP level 3. HP: 27/27 MP: 3/3
   654 | D:1      | Reached skill level 1 in Stealth
  1068 | D:2      | Reached XP level 4. HP: 16/26 MP: 4/4
  1308 | D:2      | Reached skill level 1 in Shields
  1652 | D:3      | Found a blossoming altar of Fedhas.
  1671 | D:3      | Reached skill level 2 in Stealth
  1737 | D:3      | Reached skill level 1 in Armour
  1883 | D:3      | Found a stormy altar of Qazlal.
  1986 | D:3      | Found a faded altar of an unknown god.
  2007 | D:3      | Identified the +2 sling "Qeuhanocyt" {speed, rElec Str-3
                  | Dex+2}
  2124 | D:4      | Found a staircase to the Ecumenical Temple.
  2134 | Temple   | Entered the Ecumenical Temple
  2151 | Temple   | Became a worshipper of Makhleb the Destroyer
  2202 | D:4      | Noticed a scorpion
  2218 | D:4      | Killed a scorpion
  2219 | D:4      | Reached XP level 5. HP: 18/30 MP: 5/5
  2281 | D:4      | Noticed Sigmund
  2287 | D:4      | Killed Sigmund
  2288 | D:4      | Reached skill level 1 in Short Blades
  2288 | D:4      | Reached skill level 3 in Stealth
  2288 | D:4      | Reached skill level 1 in Invocations
  2288 | D:4      | Reached XP level 6. HP: 35/35 MP: 7/7
  2316 | D:4      | Found a hazy altar of Hepliaklqana.
  2355 | D:4      | Found a shadowy altar of Dithmenos.
  2355 | D:4      | Noticed a shadow
  2617 | D:4      | Reached skill level 4 in Stealth
  2885 | D:4      | Reached XP level 7. HP: 40/40 MP: 8/8
  2959 | D:5      | Entered Level 5 of the Dungeon
  3127 | D:5      | Reached skill level 5 in Stealth
  3341 | D:5      | Reached * piety under Makhleb
  3594 | D:6      | Noticed Dowan
  3596 | D:6      | Noticed Duvessa
  3615 | D:6      | Killed Duvessa
  3616 | D:6      | Reached XP level 8. HP: 37/45 MP: 10/10
  3637 | D:6      | Killed Dowan
  3809 | D:6      | Found a shimmering altar of Xom.
  3841 | D:6      | Reached skill level 5 in Dodging
  3841 | D:6      | Reached skill level 6 in Stealth
  3872 | D:6      | Killed from afar by an orc priest

Illustrated notes

Levels and vault maps discovered:
D:1:      ebering_trefoil_3fold, layout_basic, st_stairs_14, serial_bayou_ford_a
D:2:      layout_basic, hangedman_decor_growths, minmay_close_crescents
D:3:      layout_rooms, mainiacjoe_overflow_concentric_impassable,
          mainiacjoe_overflow_paths, shapermc_ecumenical_altar_acropolis,
          chequers_serial_rivers_micro_b
D:4:      layout_basic, riverfiend_overflow_shadow_ancestor,
          minmay_temple_entry_glass, uniq_sigmund
D:5:      layout_gridville
D:6:      layout_basic, xom_teletrap_fun, uniq_duvessa
Temple:   nicolae_temple_elliptical

Skill      XL: |  1  2  3  4  5  6  7  8 |
---------------+-------------------------+-----
Dodging        | 4 5 |  5.0
Stealth        | 1 2 3 4 5 6 |  6.0
Fighting       | 2 3 |  3.0
Long Blades    | 4 |  4.3
Shields        | 1 2 3 |  3.2
Armour         | 1 2 |  2.4
Short Blades   | 1 3 |  3.5
Invocations    | 1 2 3 |  3.7
Throwing       | 2 |  2.2

Action                     |  1- 3 |  4- 6 |  7- 9 || total
---------------------------+-------+-------+-------++-------
  Melee: Long sword        |   110 |    67 |       ||   177
         Bite              |     2 |    25 |    23 ||    50
         Dagger            |       |   100 |   146 ||   246
  Throw: Stone             |       |     7 |    23 ||    30
         Dart              |       |       |     8 ||     8
Ability: Exsanguinate      |     1 |       |       ||     1
    Use: Scroll            |     2 |     1 |       ||     3
         Potion            |     1 |       |     2 ||     3
   Stab: Sleeping          |     1 |    14 |     8 ||    23
 Armour: Leather armour    |    29 |    48 |    11 ||    88
  Dodge: Dodged            |    49 |    61 |    27 ||   137
  Block: Tower shield      |    48 |   123 |    97 ||   268
